Cogmind - Beta 11 @@@ ROGUE MODE // 2022.03.30 @ 12:56:55 Player: Happytimes Result: Self-destructed Performance ------------- Evolutions (1) 500 Regions Visited (4) 800 Robots Destroyed (19) 95 Value Destroyed (293) 293 Prototype IDs (1) 20 Alien Tech Used (0) 0 Bonus (11) 11 TOTAL SCORE: 1719 Bonus ------- High Alert Combat Kills 11 Cogmind --------- Core Integrity 298/400 Matter 245/300 Energy 140/140 System Corruption 0% Temperature Cool (0) Movement Rolling (100) Location -9/Mines Parts ------- > --- POWER (1) -------- Light Deuterium Engine > --- PROPULSION (3) --- Compact Wheel > --- UTILITY (3) ------ Small Storage Unit Experimental Sensor Array > --- WEAPON (2) ------- Rocket Launcher > --- INVENTORY (8) ---- Ion Engine Airjet Transport Network Coupler Particle Cannon Particle Cannon Light Assault Rifle Light Assault Rifle Mining Laser Peak State ------------ > --- POWER ------------ Light Deuterium Engine > --- PROPULSION ------- Compact Wheel Compact Wheel > --- UTILITY ---------- Small Storage Unit Experimental Sensor Array > --- WEAPON ----------- Particle Cannon High-powered Shotgun > --- INVENTORY -------- Ion Engine Airjet Transport Network Coupler Particle Cannon Light Assault Rifle Light Assault Rifle Rocket Launcher Mining Laser [Rating: 21] Favorites ----------- Power Light Deuterium Engine Engine Light Deuterium Engine Propulsion Compact Wheel Wheel Compact Wheel Utility Small Storage Unit Device Experimental Sensor Array Storage Small Storage Unit Processor Targeting Computer Weapon Light Assault Rifle Energy Cannon Particle Cannon Ballistic Gun Light Assault Rifle Launcher Rocket Launcher Build | -11 -10 -10 -9 -9 ------- Run | Scr Mat Min Mat Min Slots Evolved 2 | . . . 2 . Power . | . . . . . Propulsion 1 | . . . 1 . Utility 1 | . . . 1 . Weapon . | . . . . . Parts Attached 12 | 6 1 3 1 1 Power 2 | 1 . 1 . . Engine 2 | 1 . 1 . . Core . | . . . . . Reactor . | . . . . . Propulsion 2 | 2 . . . . Treads . | . . . . . Leg . | . . . . . Wheel 2 | 2 . . . . Hover . | . . . . . Flight . | . . . . . Utility 3 | 1 1 1 . . Device 1 | . . 1 . . Storage 1 | 1 . . . . Processor 1 | . 1 . . . Hackware . | . . . . . Protection . | . . . . . Artifact . | . . . . . Weapon 5 | 2 . 1 1 1 Energy Gun . | . . . . . Energy Cannon 1 | . . . 1 . Ballistic Gun 3 | 2 . 1 . . Ballistic Cannon . | . . . . . Launcher 1 | . . . . 1 Special Weapon . | . . . . . Impact Weapon . | . . . . . Slashing Weapon . | . . . . . Piercing Weapon . | . . . . . Special Melee Weapon . | . . . . . Unidentified Prototypes 1 | . . 1 . . Parts Lost 2 | . . . . 2 Power . | . . . . . Propulsion 1 | . . . . 1 Utility . | . . . . . Weapon 1 | . . . . 1 Highest Loss Streak 2 | . . . . 2 To Critical Strikes . | . . . . . Average Slot Usage (%) 84 | . 88 100 77 77 Engine 12 | . 14 14 11 11 Wheel 24 | . 28 28 22 22 Device 8 | . . 10 11 11 Storage 12 | . 14 14 11 11 Processor 1 | . 2 3 . . Ballistic Gun 20 | . 28 28 18 11 Launcher 3 | . . . . 10 Naked Turns . | . . . . . Heaviest Build 18 | 12 12 15 18 18 Greatest Support 32 | 32 32 32 32 32 Greatest Overweight (x) . | . . . . . Average Overweight (x) . | . . . . . Largest Inventory Capacity 8 | 8 8 8 8 8 Average Capacity 7 | 6 8 8 8 8 Most Carried 8 | 5 1 4 8 8 Average Carried 4 | 1 . 1 5 8 Final Capacity 8 | 8 8 8 8 8 Final Carried 8 | . 1 4 8 8 Class Distribution -------------------- 100% | Mutant Dominant Class ---------------- Mutant | -10/Materials Mutant | -10/Mines Mutant | -9/Materials Mutant | -9/Mines Resources | -11 -10 -10 -9 -9 ----------- Run | Scr Mat Min Mat Min Matter Collected 444 | 168 104 . 101 71 Remotely . | . . . . . Salvage Created 303 | . 43 . 118 142 Parts 32 | . 3 . 8 21 Haulers Intercepted 1 | . . . 1 . Recyclers Shooed 1 | . . . 1 . Parts Field Recycled . | . . . . . Retrieved Matter . | . . . . . Parts Self-Destructed . | . . . . . Prevented . | . . . . . Kills | -11 -10 -10 -9 -9 ------- Run | Scr Mat Min Mat Min Combat Hostiles Destroyed 15 | . 3 . 2 10 Guns 7 | . 3 . 2 2 AOE 8 | . . . . 8 Classes Destroyed 6 | . 1 . 3 2 Worker 1 | . . . . 1 Builder 1 | . . . . 1 Hauler 1 | . . . 1 . Operator 1 | . . . 1 . Swarmer 11 | . 3 . . 8 Grunt 4 | . . . 2 2 Best Kill Streak 8 | . 3 . 2 8 Combat Bots Only 8 | . 3 . 1 8 Max Kills in Single Turn 3 | . 1 . 1 3 Gunslinging . | . . . . . Exploded 3 | . . . . 3 Melee . | . . . . . Uniques/NPCs Destroyed . | . . . . . Combat | -11 -10 -10 -9 -9 -------- Run | Scr Mat Min Mat Min Damage Taken 483 | . 44 . 119 320 Core 109 | . 7 . 34 68 Absorbed by Shields . | . . . . . Core Remaining (%) 98 | 100 . 97 . . Volleys Fired 29 | . 6 . 15 8 Largest 2 | . 2 . 2 2 Hottest 93 | . 40 . 93 58 Shots Fired 54 | . 12 . 29 13 Gun 41 | . 12 . 24 5 Cannon 5 | . . . 5 . Launcher 8 | . . . . 8 Special . | . . . . . Kinetic 41 | . 12 . 24 5 Thermal 5 | . . . 5 . Explosive 8 | . . . . 8 Electromagnetic . | . . . . . Robot Hit Streak 7 | . 7 . 5 4 Robot Miss Streak 4 | . 1 . 3 4 Penetration Max . | . . . . . Secondary Targets . | . . . . . Shots Hit Robots 27 | . 9 . 15 3 Core Hits 29 | . 6 . 9 14 Critical Kills . | . . . . . Critical Parts Destroyed . | . . . . . Critical Strikes . | . . . . . Melee Attacks . | . . . . . Impact . | . . . . . Slashing . | . . . . . Piercing . | . . . . . Sneak Attacks . | . . . . . Combat Hostiles . | . . . . . Follow-up Attacks . | . . . . . Damage Inflicted 804 | . 70 . 267 467 Guns 315 | . 70 . 205 40 Cannons 62 | . . . 62 . Explosions 427 | . . . . 427 Melee . | . . . . . Ramming . | . . . . . Kinetic 315 | . 70 . 205 40 Thermal 62 | . . . 62 . Explosive 427 | . . . . 427 Electromagnetic . | . . . . . Impact . | . . . . . Slashing . | . . . . . Piercing . | . . . . . Highest Corruption . | . . . . . Average Corruption . | . . . . . Corruption Purged . | . . . . . Corruption Blocked . | . . . . . Overload Shots . | . . . . . Overflow Damage 47 | . . . . 47 Projectiles . | . . . . . Explosions 47 | . . . . 47 Melee . | . . . . . Knockbacks . | . . . . . Impact . | . . . . . Kinetic . | . . . . . Secondary . | . . . . . Self-Inflicted Damage 53 | . . . . 53 Shots 2 | . . . . 2 Rammed . | . . . . . Targets Rammed . | . . . . . Kicked . | . . . . . Crushed . | . . . . . Highest Temperature 147 | . . . 147 3 Average Temperature 62 | . . . 64 3 Received Heat Transfer 60 | . . . 54 6 Siege Activations . | . . . . . Robots Corrupted . | . . . . . Combat Hostiles . | . . . . . Parts Fried . | . . . . . Impact Corruptions . | . . . . . Robots Melted . | . . . . . Combat Hostiles . | . . . . . Parts Melted . | . . . . . Heat Transferred 111 | . . . 111 . Parts Sabotaged . | . . . . . Parts Stolen . | . . . . . Parts Stripped . | . . . . . Power Chain Reactions . | . . . . . Missiles Intercepted . | . . . . . Alert | -11 -10 -10 -9 -9 ------- Run | Scr Mat Min Mat Min Peak Influence 490 | . 89 34 105 490 Initial 40 | . . 34 13 40 Average 148 | . 60 34 58 349 Maximum Alert Level 2 | . . . . 2 Low Security (%) 72 | 100 100 100 100 17 Level 1 16 | . . . . 48 Level 2 11 | . . . . 33 Level 3 . | . . . . . Level 4 . | . . . . . Level 5 . | . . . . . High Security . | . . . . . Max Security . | . . . . . Squads Dispatched 2 | . . . 2 . Investigation 1 | . . . 1 . Extermination . | . . . . . Reinforcement 1 | . . . 1 . Assault . | . . . . . Garrison . | . . . . . Intercept . | . . . . . Searches Triggered . | . . . . . Construction Impeded . | . . . . . Haulers Reinforced . | . . . . . Active Scanning Responses . | . . . . . Cargo Convoy Interrupts . | . . . . . Stealth | -11 -10 -10 -9 -9 --------- Run | Scr Mat Min Mat Min Distress Signals . | . . . . . Communications Jammed . | . . . . . Distress Signals . | . . . . . Times Spotted 18 | . 5 . 5 8 Peak Tracking Total 4 | . 4 . 3 4 Tactical Retreats 1 | . 1 . . . Traps | -11 -10 -10 -9 -9 ------- Run | Scr Mat Min Mat Min Traps Triggered 1 | . . . 1 . Indirectly . | . . . . . Trap Hack Attempts . | . . . . . Triggered . | . . . . . Disarmed . | . . . . . Reprogrammed . | . . . . . Reused . | . . . . . Traps Extracted . | . . . . . Installed . | . . . . . Triggered . | . . . . . Machines | -11 -10 -10 -9 -9 ---------- Run | Scr Mat Min Mat Min Machines Disabled 1 | . . . . 1 Max in Single Turn 1 | . . . . 1 Machines Sabotaged . | . . . . . Garrisons Compromised . | . . . . . Overloaded Fab Kills . | . . . . . Hacking | -11 -10 -10 -9 -9 --------- Run | Scr Mat Min Mat Min Machines Accessed 2 | . 1 1 . . Terminals 1 | . 1 . . . Fabricators . | . . . . . Repair Stations . | . . . . . Recycling Units . | . . . . . Scanalyzers . | . . . . . Garrison Access . | . . . . . Total Hacks 4 | . 3 1 . . Successful 2 | . 1 1 . . Failed 2 | . 2 . . . Catastrophic . | . . . . . Database Lockouts . | . . . . . Manual . | . . . . . Terminals 3 | . 3 . . . Fabricators . | . . . . . Repair Stations . | . . . . . Recycling Units . | . . . . . Scanalyzers . | . . . . . Garrison Access . | . . . . . Terminal Hacks 2 | . 1 1 . . Open Door 1 | . . 1 . . Locate Traps 1 | . 1 . . . Fabricator Hacks . | . . . . . Repair Station Hacks . | . . . . . Recycling Unit Hacks . | . . . . . Scanalyzer . | . . . . . Garrison Access Hacks . | . . . . . Unauthorized Hacks . | . . . . . Terminals . | . . . . . Fabricators . | . . . . . Repair Stations . | . . . . . Recycling Units . | . . . . . Scanalyzers . | . . . . . Garrison Access . | . . . . . Data Cores Recovered . | . . . . . Used . | . . . . . Hacking Detections 1 | . 1 . . . Full Trace Events 1 | . 1 . . . Feedback Events . | . . . . . Feedback Blocked . | . . . . . Robot Schematics Acquired . | . . . . . Robots Built . | . . . . . Authchips . | . . . . . Time . | . . . . . Total Robot Build Rating . | . . . . . Part Schematics Acquired . | . . . . . Parts Built . | . . . . . Authchips . | . . . . . Time . | . . . . . Total Part Build Rating . | . . . . . Parts Repaired . | . . . . . Time . | . . . . . Parts Recycled . | . . . . . Recycled Matter . | . . . . . Retrieved Matter . | . . . . . Retrieved Components . | . . . . . Parts Scanalyzed . | . . . . . Part Schematics Acquired . | . . . . . Parts Damaged . | . . . . . Bothacking | -11 -10 -10 -9 -9 ------------ Run | Scr Mat Min Mat Min Used RIF Installer . | . . . . . Robots Hacked . | . . . . . Non-combat . | . . . . . Combat . | . . . . . Robot Hacks Applied . | . . . . . Relay Couplers Released . | . . . . . Fabnet Peak Effective % . | . . . . . Robots Rewired . | . . . . . Allies Hacked . | . . . . . Hacks Repelled . | . . . . . Allies | -11 -10 -10 -9 -9 -------- Run | Scr Mat Min Mat Min Total Allies . | . . . . . Largest Group . | . . . . . Highest-Rated Group . | . . . . . Highest-Rated Ally . | . . . . . Total Orders . | . . . . . Ally Attacks . | . . . . . Total Damage . | . . . . . Kills . | . . . . . Allies Corrupted . | . . . . . Allies Melted . | . . . . . Intel | -11 -10 -10 -9 -9 ------- Run | Scr Mat Min Mat Min Robot Analysis Total . | . . . . . Derelict Logs Recovered 2 | . . 2 . . Drone Launches . | . . . . . Drone Recoveries . | . . . . . Exploration | -11 -10 -10 -9 -9 ------------- Run | Scr Mat Min Mat Min Turns Passed 847 | 41 151 196 172 287 Spaces Moved 728 | 37 131 188 117 255 Core 14 | 14 . . . . Treads . | . . . . . Legs . | . . . . . Wheels 714 | 23 131 188 117 255 Hover . | . . . . . Flight . | . . . . . Fastest Speed 50 | 50 100 100 100 100 Average Speed 99 | 81 100 100 100 100 Slowest Speed 100 | 100 100 100 100 100 Overloaded Moves . | . . . . . Propulsion Burnouts . | . . . . . Robots Hopped . | . . . . . Cave-ins Triggered . | . . . . . Exploration Rate (%) 32 | 3 33 55 10 59 Regions Visited 4 Branch Regions 2 Pre-discovered Areas 1 | . . . . 1 Known Exits Taken 1 | . . . 1 . Unknown Exits Taken 3 | 1 1 1 . . Scrap Searched 1 | . . . . 1 Spaces Dug . | . . . . . Terrain Destroyed 75 | . . . . 75 Melee . | . . . . . Projectile . | . . . . . AOE 75 | . . . . 75 Terrain Rammed . | . . . . . Walls Destroyed . | . . . . . Machines Disabled . | . . . . . Actions | -11 -10 -10 -9 -9 --------- Run | Scr Mat Min Mat Min Total 799 | 47 141 194 144 273 Wait 19 | . 2 . 8 9 Move 724 | 36 130 187 116 255 Hop . | . . . . . Pick Up 15 | 5 2 4 4 . Fast Attach 1 | 1 . . . . Attach 6 | 5 1 . . . Detach . | . . . . . Swap 5 | . . 3 1 1 Drop . | . . . . . Fire 29 | . 6 . 15 8 Melee . | . . . . . Ram . | . . . . . Kick . | . . . . . Crush . | . . . . . Escape Stasis . | . . . . . Rewire . | . . . . . Trap . | . . . . . Miscellaneous . | . . . . . Route ------- -11/Scrapyard -10/Materials (discovered 2 exits: *Min x2) -10/Mines -9/Materials (discovered 2 exits: *Min x2) -9/Mines (discovered 1 exit: [*Mat]) History --------- Turn | Location | Event 4 | -11/Scrapyard | Discovered new exit (range 16) 42 | -11/Scrapyard | Entered Materials 54 | -10/Materials | Discovered new exit (range 13) 166 | -10/Materials | Discovered new exit (range 16) 193 | -10/Materials | Entered Mines 239 | -10/Mines | Found a damaged Exp. Sensor Array with a note attached 241 | -10/Mines | Found Prototype Device 242 | -10/Mines | Identified Exp. Sensor Array 301 | -10/Mines | Build established: Mutant 345 | -10/Mines | Learned 8 Materials zone layouts 349 | -10/Mines | Discovered new exit (range 10) 357 | -10/Mines | Met a Derelict who couldn't figure out how to use a Trap Extractor 360 | -10/Mines | Learned location of 1 exit from Materials 389 | -10/Mines | Entered Materials 389 | -9/Materials | Evolved 2 slots: Propulsion x1, Utility x1 390 | -9/Materials | Identified exit to Mines 561 | -9/Materials | Entered Mines 636 | -9/Mines | Destroyed 8 combat bots 666 | -9/Mines | Learned location of Storage (-7) 776 | -9/Mines | Discovered new exit (range 7) 838 | -9/Mines | Assembled infested the area 848 | -9/Mines | Self-destructed Last Messages --------------- 00775_ Found Hvy. Assault Rifle. 00775_ Found 18 Matter. 00776_ Acquired 18 matter. 00776_ EXIT=FOUND 00778_ K-01 Serf collects debris. 00800_ U-05 Engineer lays Concrete. 00801_ U-05 Engineer builds a Wall. 00801_ K-01 Serf collects debris. 00806_ U-05 Engineer lays Concrete. 00808_ U-05 Engineer builds a Wall. 00809_ The unstable cave ceiling collapses. 00811_ K-01 Serf collects debris. 00813_ U-05 Engineer lays Concrete. 00814_ U-05 Engineer builds a Wall. 00838_ ALERT: Infestation in the mines, dispatching Demolisher response squad. 00844_ C-30 ARC bursts open, deploying its payload. 00844_ D-53 Grenadier unfolds itself. 00848_ Com. Wheel destroyed. 00848_ Hpw. Shotgun destroyed. Map ----- +----------------------------------------------------+ | ????????????????????????????????????? | | ????????????????????????????????????? | | ????????????????????????????????????? | | ????????????????????####????????????? | | ????????????????????# #????????????? | | ????????# ??????????# #????????????? | | ????????# ????????## #####???????## | | ?????????# ???????# ## ######??# | | ?????????# ??????# # ##?# | | ?????????# ###### =% ### | | ??????????# = = =[ ## | | ??????????# ? #= | | ??????????# ## ######### * ###### | | ??????????## ???# #????## #???## | | ????????????????# #?????## ###????# | | ???????????# #### #?????# ! #??????? | | ???????????# #?????#[####??????? | | ???????????######?#?????# #?????###?? | | ????????????????# #???###!##???# ##? | | ????????????????# #??## #### #? | | ???????????###### #??# #? | | ????????#### #??# #? | | ??????### # ####??## #? | | ??????# #?????## """ < ##? | | ??????# #??????# """ ###?? | | ?????# @ ##??????# """ ##???? | | ?????# #?????# ###????? | | ?????# ##?????## ##??????? | | ?????# #???????## #???????? | | ?????## #????????## #???????? | | ??????## ##?????????###???????? | | ???????# #????????????????????# | | ???????# #????????????????????# | | ???????# d ???????????????????# | | ???????## d%####??????????????????? | | ????????# #####?????????????????????? | | ????????# ??????????????????????????? | | ????????#$??????????????????????????? | | ????????# ??????????????????????????? | | ????????##??????????????????????????? | | ????????????????????????????????????? | | ????????????????????????????????????? | | ????????????????????????????????????? | | ????????????????????????????????????? | | ????????????????????????????????????? | | ????????????????????????????????????? | | ????????????????????????????????????? | | ????????????????????????????????????? | | ????????????????????????????????????? | | ????????????????????????????????????? | +----------------------------------------------------+ Best States ------------- Heat Dissipation 28 Energy Generation 14 Energy Capacity 250 Matter Stores 300 Matter Capacity 300 Sight Range 16 Robot Scan Range 20 Terrain Scan Density 10 Evasion (%) 50 Targeting Accuracy 5 Item Schematics ----------------- None Robot Schematics ------------------ None Fabricated ------------ Nothing Alien Tech Used ----------------- None Achievements -------------- None Challenges ------------ None Game ------ Seed SalvageGlidesysUnit Manual? 0 Play Time 00:08:29 Cumulative 45.4 hours Start 2022.03.30 @ 12:49:55 End 2022.03.30 @ 12:56:55 Sessions 1 Manual Loads 0 Difficulty Rogue Special Mode None Game No. 136 Rogue 136 Adventurer 0 Explorer 0 Win Type - Total 0 Types 0/0/0/0/0/0/0/0/0 Lore% 32 Gallery% 46 Achievement% 37 Wizard Run 0 Options --------- ASCII 0 Keyboard 0 Movement Arrows Keybinds 0 Fullscreen 1 Font 18/SmallcapsGlow Map View 76x50 Tactical HUD 1 Map Filters NONE Filters NONE Steam 1 RUN: 79bc45d6-9a60-4bef-aa53-99f2268bb889